 Dungeon Crawl Stone Soup version 0.26.1-11-gd32895ea62 (webtiles) character file.

Game seed: 15882809042839462083

464 MaxwellSilver the Cleaver (level 6, -8/51 HPs)
             Began as a Minotaur Fighter on May 30, 2021.
             Mangled by an ogre
             ... wielding a +0 giant club
              (14 damage)
             ... on level 4 of the Dungeon.
             The game lasted 00:03:27 (2982 turns).

MaxwellSilver the Cleaver (Minotaur Fighter)        Turns: 2982, Time: 00:03:28

Health: -8/51      AC:  6    Str: 22    XL:     6   Next: 80%
Magic:  5/5        EV:  7    Int:  5    God:
Gold:   219        SH:  9    Dex: 10    Spells: 5/5 levels left

rFire    . . .     SeeInvis .   a - +0 war axe
rCold    . . .     Faith    .   c - +0 kite shield
rNeg     . . .     Spirit   .   b - +0 scale mail
rPois    .         Reflect  .   (helmet restricted)
rElec    .         Harm     .   (no cloak)
rCorr    .         Rampage  .   (no gloves)
Will     .....                  (no boots)
Stlth    ..........             (no amulet)
HPRegen  0.17/turn              (no ring)
MPRegen  0.09/turn              (no ring)

@: no status effects
A: retaliatory headbutt, horns 2
a: no special abilities


You were on level 4 of the Dungeon.
You visited 1 branch of the dungeon, and saw 4 of its levels.

You collected 219 gold pieces.

Inventory:

Hand Weapons
 a - a +0 war axe (weapon)
Armour
 b - a +0 scale mail (worn)
 c - a +0 kite shield (worn)
Jewellery
 f - an uncursed ring of flight {unknown}
 k - an uncursed ring of wizardry {unknown}
 l - a cursed amulet of inaccuracy {unknown}
Scrolls
 e - 2 scrolls of enchant weapon {unknown}
 j - a scroll of immolation {unknown}
 n - 2 scrolls of identify {unknown}
 o - 2 scrolls of magic mapping {unknown}
 p - a scroll of teleportation {unknown}
 q - a scroll of blinking {unknown}
 r - 2 scrolls of fog {unknown}
 s - 2 scrolls of remove curse {unknown}
Potions
 d - 2 potions of might
 g - a potion of berserk rage {unknown}
 h - a potion of heal wounds {unknown}
 i - 2 potions of attraction {unknown}
 m - a potion of degeneration {unknown}


   Skills:
 - Level 3.6 Fighting
 + Level 8.9 Axes
 - Level 3.6 Armour
 - Level 3.6 Shields


You had 5 spell levels left.
You didn't know any spells.
Your spell library was empty.

Dungeon Overview and Level Annotations

Branches:
Dungeon (4/15)
 Temple: D:4-7

Altars:


Innate Abilities, Weirdness & Mutations

You reflexively headbutt those who attack you in melee.
You have a pair of horns on your head.


Message History

No target in view!
No target in view!
No target in view!
No target in view!
No target in view!
No target in view!
No target in view!
You start resting.
An ogre comes into view. It is wielding a +0 giant club.
The ogre shouts!
You block the ogre's attack.
You slash the ogre! You headbutt the ogre!
The ogre is severely wounded.
The ogre hits you with a +0 giant club!!
Ouch! That really hurt!
* * * LOW HITPOINT WARNING * * *
You barely miss the ogre.
The ogre is severely wounded.
The ogre hits you with a +0 giant club!
You die...

..##.. .........#
..#......##........#
..................
......#.....# ..> .
.....##.÷.###.##.. #
#...###...#......
####. #...##...$......
......##...)..........
......O@.#).##.......#
......#...))#.......##
..... #.....)))....##
.... #.............#
.........##.....>...#
.. ......###.......##
. ........#....##.##
...≈....#.<.)# .#
...≈...≈≈....# ..


You could see an ogre.

Vanquished Creatures
  2 scorpions (D:4)
  A howler monkey (D:4)
  A hound (D:4)
  3 orc priests (D:4)
  A centaur skeleton (D:4)
  An iguana (D:4)
  4 adders
  2 oozes (D:2)
  3 worms (D:2)
  3 dart slugs
  4 leopard geckos
  12 orcs
  6 giant cockroaches
  6 goblins
  11 hobgoblins
  5 jackals
  6 kobolds
  A quokka (D:2)
  A ball python (D:1)
  11 bats
  5 frilled lizards
  5 rats
94 creatures vanquished.

Vanquished Creatures (others)
  4 toadstools (D:1)
4 creatures vanquished.

Grand Total: 98 creatures vanquished

Notes
Turn   | Place    | Note
-------+----------+-------------------------------------------
     0 | D:1      | MaxwellSilver the Minotaur Fighter began the quest for the
                  | Orb.
     0 | D:1      | Reached XP level 1. HP: 19/19 MP: 0/0
   160 | D:1      | Reached skill level 3 in Axes
   279 | D:1      | Reached XP level 2. HP: 24/26 MP: 1/1
   724 | D:1      | Reached skill level 4 in Axes
  1148 | D:2      | Reached XP level 3. HP: 23/31 MP: 2/2
  1568 | D:2      | Reached skill level 5 in Axes
  1689 | D:2      | Reached XP level 4. HP: 37/39 MP: 3/3
  2186 | D:3      | Reached skill level 6 in Axes
  2487 | D:4      | Reached XP level 5. HP: 25/45 MP: 4/4
  2678 | D:4      | Reached skill level 7 in Axes
  2688 | D:4      | Reached XP level 6. HP: 35/51 MP: 5/5
  2727 | D:4      | Reached skill level 8 in Axes
  2982 | D:4      | Mangled by an ogre

Illustrated notes

Levels and vault maps discovered:
D:1:      ldierk_walled_garden_2, layout_basic
D:2:      layout_basic, minmay_misc_feat_iff
D:3:      layout_rooms, guppyfry_early_lair_pool
D:4:      layout_cave_pools, chequers_serial_rivers_small_b

Skill      XL: |  1  2  3  4  5  6 |
---------------+-------------------+-----
Axes           | 3 4 5 6 7 8 |  8.9
Fighting       | |  3.6
Armour         | |  3.6
Shields        | |  3.6

Action                   |  1- 3 |  4- 6 || total
-------------------------+-------+-------++-------
Melee: War axe           |   106 |   118 ||   224
       Headbutt          |     8 |    21 ||    29
Armor: Scale mail        |    52 |    51 ||   103
Dodge: Dodged            |    25 |    29 ||    54
Block: Kite shield       |    58 |    67 ||   125
